AoeStats
← adjorno

Nomad

508170175Analyzed
3v3 RM · 10d ago on Sep 21, 2026· 52m 54s· 6 players
Game mode
Random Map
Map size
210×210
Population
200
Speed
Normal
Resources
Standard
Victory
Conquest
Starting age
Dark Age
Ending age
Imperial Age
RankedLock teamsTeams togetherTeam positionsShared explorationLock speedFull tech treeHidden civsTurbo modeCheats
Victory
Defeat
🇳🇱 Huns · Netherlands
1048
+12
🇨🇱 Koreans · Chile
990
+14
🇫🇷 Sicilians · France
955
+16
🇺🇸 Japanese · United States
960
-14
🇺🇸 Tupi · United States
957
-14
🇺🇸 Italians · United States
944
-14
adjorno
4:41 Loom
13:55 Feudal Age
14:42 Double-Bit Axe
14:40 Fishing Lines
18:58 Castle Age
17:16 Gold Mining
19:56 Gillnets
20:33 Bloodlines
20:52 Medium Warships
21:33 Wheelbarrow
21:27 Bow Saw
21:51 Husbandry
21:43 Town Watch
24:39 Gold Shaft Mining
24:03 Horse Collar
26:20 Hand Cart
26:00 Stone Mining
27:00 Fletching
27:26 Careening
31:15 Imperial Age
30:11 Ballistics
33:06 Chemistry
32:36 Heavy Warships
33:05 Cavalier
33:54 Scale Barding Armor
35:11 Chain Barding Armor
35:17 Conscription
34:22 Paladin
37:04 Bodkin Arrow
37:46 Plate Barding Armor
37:38 Clinker Construction
38:42 Bracer
39:28 Parthian Tactics
39:29 Heavy Cavalry Archer
41:42 Forging
41:33 Padded Archer Armor
49:27 Leather Archer Armor
49:48 Iron Casting
49:14 Scale Mail Armor
50:21 Capped Ram
51:20 Siege Ram
AnArKy
3:23 Loom
17:05 Feudal Age
17:56 Double-Bit Axe
17:53 Horse Collar
17:55 Fishing Lines
19:44 Gold Mining
22:58 Castle Age
21:52 Arson
22:10 Scale Mail Armor
22:21 Forging
22:18 Scale Barding Armor
22:09 Stone Mining
24:05 Gillnets
24:37 Bow Saw
24:35 Squires
26:33 Stone Shaft Mining
26:15 Chain Mail Armor
26:35 Iron Casting
hianyzol
13:41 Loom
15:51 Feudal Age
17:02 Double-Bit Axe
22:01 Castle Age
22:21 Crossbowman
22:54 Fletching
23:06 Scale Mail Armor
24:21 Medium Warships
29:00 Fishing Lines
29:17 Horse Collar
34:44 Imperial Age
32:07 Town Watch
32:54 Ballistics
32:40 Gold Mining
33:28 Bodkin Arrow
34:56 Capped Ram
36:40 Thumb Ring
37:43 Gold Shaft Mining
38:41 Wheelbarrow
39:26 Stone Mining
41:01 Arbalester
42:17 Hand Cart
42:38 Bow Saw
43:31 Stone Shaft Mining
44:24 Chemistry
44:06 Bracer
45:19 Elite Skirmisher
46:19 Forging
46:26 Chain Mail Armor
48:09 Masonry
52:48 Town Patrol
AKX Is Undone
15:33 Feudal Age
13:53 Loom
17:46 Fletching
18:19 Town Watch
18:55 Double-Bit Axe
19:22 Stone Mining
19:39 Horse Collar
28:56 Castle Age
26:59 Gold Mining
29:21 Wheelbarrow
30:39 Gold Shaft Mining
30:15 Bow Saw
30:15 Heavy Plow
30:45 Champi Runner
32:25 Bodkin Arrow
33:27 Padded Archer Armor
34:15 Guard Tower
34:25 Murder Holes
35:25 Leather Archer Armor
37:07 Ballistics
36:37 Treadmill Crane
39:31 Imperial Age
38:01 Forging
37:52 Scale Mail Armor
41:00 Hand Cart
40:47 Town Patrol
42:27 Two-Man Saw
42:00 Bracer
42:31 Ring Archer Armor
42:52 Conscription
43:40 Iron Casting
43:21 Chain Mail Armor
45:06 Capped Ram
46:12 Elite Blackwood Archer
48:27 Chemistry
49:10 Curare
Rebuildnoob
4:38 Loom
13:33 Feudal Age
14:12 Man-at-Arms
25:06 Castle Age
24:35 Forging
24:25 Scale Mail Armor
24:16 Fletching
26:32 Squires
33:50 Arson
35:02 Elite Skirmisher
36:12 Double-Bit Axe
39:27 Iron Casting
39:11 Chain Mail Armor
40:04 Padded Archer Armor
45:26 Pikeman
Po bear8617
6:23 Loom
15:20 Feudal Age
15:51 Town Watch
16:10 Double-Bit Axe
17:40 Wheelbarrow
17:55 Gold Mining
17:48 Horse Collar
21:31 Castle Age
22:24 Fletching
22:34 Padded Archer Armor
22:33 Stone Mining
23:59 Medium Warships
27:01 Town Patrol
28:59 Caravan
29:25 Hand Cart
29:53 Stone Shaft Mining
33:14 Bodkin Arrow
34:13 Bow Saw
36:37 Heavy Plow
37:26 Silk Road
43:54 Imperial Age
45:53 Imperial Age
46:23 Pikeman
47:26 Man-at-Arms
Connection lost

Rejoining the realm…

Still unreachable

The connection could not be restored.

Session expired

The server has moved on; the page needs a fresh start.